 Dungeon Crawl Stone Soup version 0.24.1-4-ge52af88ad5 (webtiles) character file.

Game seed: 10411630639584611058, levelgen mode: deterministic

523 gruber the Fighter (level 7, -1/63 HPs)
             Began as a Gnoll Wanderer on Apr 12, 2020.
             Slain by a bullfrog (7 damage)
             ... in a sewer.
             The game lasted 00:06:35 (4041 turns).

gruber the Fighter (Gnoll Wanderer)                 Turns: 4041, Time: 00:06:35

Health: -1/63      AC:  3    Str: 17    XL:     7   Next: 22%
Magic:  10/10      EV: 13    Int: 16    God:
Gold:   109        SH:  0    Dex: 12    Spells: 10/10 levels left

rFire    . . .     SeeInvis .   a - +2 hand axe
rCold    . . .     Gourm    .   (no shield)
rNeg     . . .     Faith    .   d - +0 robe
rPois    .         Spirit   .   (no helmet)
rElec    .         Reflect  .   (no cloak)
rCorr    .         Harm     .   u - +0 pair of gloves
MR       .....                  (no boots)
Stlth    ++........             (no amulet)
HPRegen  0.20/turn              (no ring)
MPRegen  0.12/turn              (no ring)

@: no status effects
A: distributed training, fangs 1, strong nose
a: no special abilities


You were in a sewer.
You were not hungry.

You visited 1 branch of the dungeon, and saw 4 of its levels.
You also visited: Sewer.

You collected 109 gold pieces.

Inventory:

Hand Weapons
 a - a +2 hand axe (weapon)
 v - a +0 trident
Armour
 d - a +0 robe (worn)
 u - a +0 pair of gloves (worn)
Scrolls
 c - 2 scrolls of teleportation
 h - 2 scrolls of immolation {unknown}
 i - a scroll of fog {unknown}
 j - a scroll of amnesia {unknown}
 k - 4 scrolls of fear {unknown}
 l - 3 scrolls of enchant armour {unknown}
 m - a scroll of remove curse {unknown}
 n - 2 scrolls of magic mapping {unknown}
 p - a scroll of identify {unknown}
 q - a scroll of random uselessness {unknown}
 r - a scroll of noise {unknown}
Potions
 b - a potion of lignification
 e - a potion of curing {unknown}
 g - a potion of might {unknown}
 o - 2 potions of berserk rage {unknown}
 t - a potion of ambrosia {unknown}
Comestibles
 f - 9 rations


   Skills:
 + Level 8.8 Fighting
 + Level 3.5 Short Blades
 + Level 2.3 Long Blades
 + Level 5.1 Axes
 + Level 2.3 Maces & Flails
 + Level 2.3 Polearms
 + Level 2.3 Staves
 + Level 2.3 Slings
 + Level 2.3 Bows
 + Level 2.3 Crossbows
 + Level 2.3 Throwing
 + Level 2.3 Armour
 + Level 3.5 Dodging
 + Level 3.3 Stealth
 + Level 2.3 Shields
 + Level 2.3 Unarmed Combat
 + Level 2.3 Spellcasting
 + Level 1.8 Conjurations
 + Level 1.8 Hexes
 + Level 1.8 Charms
 + Level 1.8 Summonings
 + Level 1.8 Necromancy
 + Level 1.8 Translocations
 + Level 1.8 Transmutations
 + Level 1.8 Fire Magic
 + Level 1.8 Ice Magic
 + Level 1.8 Air Magic
 + Level 1.8 Earth Magic
 + Level 1.8 Poison Magic
 + Level 2.5 Invocations
 + Level 3.5 Evocations


You had 10 spell levels left.
You didn't know any spells.
Your spell library was empty.

Dungeon Overview and Level Annotations

Branches:
Dungeon (4/15)              Sewer (1/1)
 Temple: D:4-7

Altars:

Shops:
D:4 (}


Innate Abilities, Weirdness & Mutations

Your experience applies equally to all skills.
You have very sharp teeth.
Your uncanny sense of smell can sniff out nearby items.


Message History

Unknown command.
Unknown command.
Unknown command.
Unknown command.
You completely miss the bullfrog.
The bullfrog is moderately wounded.
You closely miss the bullfrog. You hit the ball python.
You kill the ball python!
The bullfrog hits you but does no damage.
The bullfrog hits you.
* * * LOW HITPOINT WARNING * * *
The bullfrog misses you.
Unknown command.
Unknown command.
Unknown command.
Unknown command.
You hit the bullfrog.
The bullfrog is heavily wounded.
You hit the bullfrog. You hit the ooze. The bullfrog hits you!
You die...

##≈≈##...≈.≈††.##≈.##
#≈≈≈#≈≈≈..≈≈≈†≈≈≈..≈#
#.≈##.≈.#######≈≈≈≈≈#
##≈≈#≈≈≈##≈≈≈≈.###≈#######
#≈≈.#≈≈##≈≈≈≈≈≈≈≈###≈≈≈.≈#
#≈≈##†.#≈.≈.≈≈.≈††.#≈≈≈.≈#
#≈≈#.†##≈≈..≈.≈##..#≈≈≈≈≈#
#≈≈#≈≈#≈≈.$($.≈≈#..#≈†#.≈#
#≈≈#≈≈#≈...@≈≈≈≈#≈≈#≈≈#≈≈#
#≈≈#≈≈#≈≈≈FJF≈≈.#≈≈##≈#≈≈#
#≈≈#≈≈#≈≈≈.≈≈≈.≈#≈≈≈#†#.≈#
#≈≈#≈≈#≈≈.≈≈≈..≈#≈.∩#.#..#
#≈≈#.≈##≈≈≈≈≈≈≈##†≈≈#≈#≈≈#
#≈.##÷≈#≈≈≈≈.≈≈#≈.###≈#.≈#
#≈.≈#≈≈##≈≈.≈≈##≈≈#≈≈≈#≈.#
##.≈#≈≈≈##≈≈≈##≈≈≈#≈≈##.##
#..##≈≈.#####≈≈≈##≈≈#≈.#


You could see 2 bullfrogs and an ooze.

Vanquished Creatures
  2 ogres
  A worker ant (D:4)
  3 gnolls
  9 adders
  12 oozes
  3 worms (D:2)
  24 leopard geckos
  3 orcs
  8 bats
  16 giant cockroaches
  7 goblins
  10 hobgoblins
  4 jackals (D:3)
  2 quokkas (D:2)
  9 ball pythons
  19 frilled lizards
  5 kobolds
  4 rats
141 creatures vanquished.

Notes
Turn   | Place    | Note
-------+----------+-------------------------------------------
     0 | D:1      | gruber the Gnoll Wanderer began the quest for the Orb.
     0 | D:1      | gruber set off with the following items: a +2 hand axe, a
                  | potion of lignification, a scroll of teleportation, a +0
                  | robe, a ration
     0 | D:1      | Reached XP level 1. HP: 26/26 MP: 2/2
     1 | D:1      | Noticed an electric eel
   241 | D:1      | Reached XP level 2. HP: 28/33 MP: 3/3
   626 | D:1      | You fall into a shaft and drop 1 floor!
   627 | D:2      | Reached XP level 3. HP: 38/38 MP: 4/4
   978 | D:3      | Reached skill level 1 in Invocations
  1251 | D:2      | Reached skill level 1 in Long Blades
  1251 | D:2      | Reached skill level 1 in Maces & Flails
  1251 | D:2      | Reached skill level 1 in Polearms
  1251 | D:2      | Reached skill level 1 in Staves
  1251 | D:2      | Reached skill level 1 in Slings
  1251 | D:2      | Reached skill level 1 in Bows
  1251 | D:2      | Reached skill level 1 in Crossbows
  1251 | D:2      | Reached skill level 1 in Throwing
  1251 | D:2      | Reached skill level 1 in Armour
  1251 | D:2      | Reached skill level 1 in Shields
  1251 | D:2      | Reached skill level 1 in Unarmed Combat
  1251 | D:2      | Reached skill level 1 in Spellcasting
  1251 | D:2      | Reached XP level 4. HP: 19/45 MP: 4/6
  1553 | D:2      | Noticed an ogre
  1568 | D:2      | Killed an ogre
  1568 | D:2      | Reached skill level 1 in Conjurations
  1568 | D:2      | Reached skill level 1 in Hexes
  1568 | D:2      | Reached skill level 1 in Charms
  1568 | D:2      | Reached skill level 1 in Summonings
  1568 | D:2      | Reached skill level 1 in Necromancy
  1568 | D:2      | Reached skill level 1 in Translocations
  1568 | D:2      | Reached skill level 1 in Transmutations
  1568 | D:2      | Reached skill level 1 in Fire Magic
  1568 | D:2      | Reached skill level 1 in Ice Magic
  1568 | D:2      | Reached skill level 1 in Air Magic
  1568 | D:2      | Reached skill level 1 in Earth Magic
  1568 | D:2      | Reached skill level 1 in Poison Magic
  1568 | D:2      | Reached XP level 5. HP: 7/51 MP: 7/7
  2983 | D:2      | Reached XP level 6. HP: 44/57 MP: 8/8
  3252 | D:3      | Reached skill level 5 in Axes
  3300 | D:4      | Found Ojuih's Gadget Emporium.
  3362 | D:4      | Found Vedonoj's Antique Weapon Shop.
  3372 | D:4      | Found a glowing drain.
  3376 | Sewer    | Entered a sewer
  3753 | Sewer    | Reached XP level 7. HP: 62/63 MP: 10/10
  4041 | Sewer    | Slain by a bullfrog

Levels and vault maps discovered:
D:1:      arrival_aquarium_a, layout_basic
D:2:      layout_loops_ring, first_ration
D:3:      layout_basic
D:4:      layout_basic, gup_sewer_entry_bowl, serial_shops, shop,
          nicolae_shop_crystal, minmay_hollow_rounded_squares
Sewer:    sewer_frog_island_02

Skill      XL: |  1  2  3  4  5  6 |
---------------+-------------------+-----
Invocations    | 1 2 |  2.5
Long Blades    | 1 2 |  2.3
Maces & Flails | 1 2 |  2.3
Polearms       | 1 2 |  2.3
Staves         | 1 2 |  2.3
Slings         | 1 2 |  2.3
Bows           | 1 2 |  2.3
Crossbows      | 1 2 |  2.3
Throwing       | 1 2 |  2.3
Armour         | 1 2 |  2.3
Shields        | 1 2 |  2.3
Unarmed Combat | 1 2 |  2.3
Spellcasting   | 1 2 |  2.3
Conjurations   | 1 |  1.8
Hexes          | 1 |  1.8
Charms         | 1 |  1.8
Summonings     | 1 |  1.8
Necromancy     | 1 |  1.8
Translocations | 1 |  1.8
Transmutations | 1 |  1.8
Fire Magic     | 1 |  1.8
Ice Magic      | 1 |  1.8
Air Magic      | 1 |  1.8
Earth Magic    | 1 |  1.8
Poison Magic   | 1 |  1.8
Short Blades   | 3 |  3.5
Dodging        | 3 |  3.5
Evocations     | 3 |  3.5
Axes           | 5 |  5.1
Stealth        | 3 |  3.3
Fighting       | |  8.8

Action                   |  1- 3 |  4- 6 |  7- 9 || total
-------------------------+-------+-------+-------++-------
Melee: Hand axe          |    95 |   197 |    63 ||   355
       Bite              |     4 |    10 |     6 ||    20
       Punch             |       |     2 |       ||     2
       Trident           |       |    13 |       ||    13
 Stab: Sleeping          |     6 |     3 |       ||     9
       Distracted        |       |     1 |       ||     1
  Eat: Chunk             |       |     9 |     2 ||    11
Armor: Robe              |    20 |    29 |    16 ||    65
Dodge: Dodged            |    67 |   168 |    39 ||   274
